 Dungeon Crawl Stone Soup version 0.14-a0-2001-g390038d (webtiles) character file.

1901 M4edhros the Prestidigitator (level 9, -3/52 (53) HPs)
             Began as an Octopode Artificer on Jan 18, 2014.
             Slain by an ice beast (10 damage)
             ... on Level 7 of the Dungeon.
             The game lasted 00:24:15 (8083 turns).

M4edhros the Prestidigitator (Octopode Artificer)   Turns: 8083, Time: 00:24:16

HP  -3/52 (53)   AC  3     Str 10      XL: 9   Next:  2%
MP  21/21        EV 14     Int 24      God:
Gold 217         SH  0     Dex 14      Spells:  2 memorised, 12 levels left

rFire  + . .     SeeInvis .     q - +1,+3 orc trident (venom)
rCold  . . .     Clarity  .     (no shield)
rNeg   . . .     Conserve .     (helmet restricted)
rPois  .         rCorr    .     (no amulet)
rElec  .         rRot     .     l - +2 ring of evasion
SustAb . .       Spirit   .     r - +4 ring of intelligence
rMut   .         Warding  .     h - ring of protection from fire
Saprov . . .     Stasis   .     (no ring)
MR     .....                    (no ring)
                                (no ring)
                                (no ring)
                                (no ring)

@: not resistant to hostile enchantments, stealthy
A: almost no armour, amphibious, 8 rings, constrict 8, thin metallic scales 1,
camouflage 1, agile 1, clever 1, slow metabolism 1, gelatinous body 1
a: no special abilities


You were on level 7 of the Dungeon.
You were hungry.

You visited 2 branches of the dungeon, and saw 9 of its levels.

You collected 247 gold pieces.
You spent 30 gold pieces at shops.

Inventory:

Hand weapons
 a - a +0,+0 short sword
 g - a +1,+3 spear of venom
 q - a +1,+3 orcish trident of venom (weapon)
 z - a +3,+0 spear of piercing
Missiles
 t - 8 javelins (quivered)
Magical devices
 c - a wand of enslavement (5)
 d - a wand of random effects (1)
 e - a wand of paralysis (8)
 v - a wand of random effects (6)
 y - a wand of cold (8)
Comestibles
 f - 3 bread rations
 m - 3 meat rations
 p - 14 strawberries
 A - 3 rotting chunks of giant frog flesh
Scrolls
 b - a scroll of curse armour {unknown}
 i - a scroll of fog
 k - 3 scrolls of remove curse
 n - a scroll of magic mapping
 o - 2 scrolls of identify
 s - a scroll of immolation
 x - 2 scrolls of enchant weapon II
Jewellery
 h - a ring of protection from fire (on tentacle)
 l - a +2 ring of evasion (left tentacle)
 r - a +4 ring of intelligence (right tentacle)
Potions
 u - a potion of degeneration
Books
 j - a book of Callings

   Spells                             Type                      Level
   *Summon Small Mammal               Summoning                    1
   Call Imp                           Summoning                    2
   *Call Canine Familiar              Summoning                    3
   Summon Scorpions                   Summoning/Poison             4
   Summon Ice Beast                   Ice/Summoning                4
 w - the Disquisition on the Escort
   (You found it on level 5 of the Dungeon)

   Spells                             Type                      Level
   Recall                             Summoning/Translocation      3
   *Call Canine Familiar              Summoning                    3
   Shadow Creatures                   Summoning                    5
   Summon Hydra                       Summoning                    7


   Skills:
 - Level 1.0 Fighting
 - Level 1.0 Short Blades
 + Level 4.5 Polearms
 - Level 2.0 Dodging
 - Level 1.3 Stealth
 * Level 4.3 Spellcasting
 + Level 3.2 Summonings
 - Level 10.0 Evocations


You had 12 spell levels left.
You knew the following spells:

 Your Spells              Type           Power        Failure   Level  Hunger
a - Call Canine Familiar  Summ           ###.......   10%         3    ##.....
b - Summon Small Mammal   Summ           ###.         2%          1    None


Dungeon Overview and Level Annotations

Branches:
Dungeon (8/16)             Temple (1/1) D:6
   Lair: D:8-11

Altars:
Ashenzari
Cheibriados
Elyvilon
Fedhas
Nemelex Xobeh
Okawaru
Sif Muna
Trog
Vehumet
Xom
Yredelemnul
Zin

Shops:
D:4 %?=[*   D:7 (

Annotations:
D:8 Kae's ghost, experienced MiFi


Innate Abilities, Weirdness & Mutations

You cannot wear most types of armour.
You are amphibious.
You can wear up to eight rings at the same time.
You can use your tentacles to constrict many enemies at once.
Your skin changes colour to match your surroundings (Stlth).
Your rubbery body absorbs attacks (AC +1).
You are partially covered in thin metallic scales (AC +2).
You are agile. (Dex +2)
Your mind is acute. (Int +2)
You have a slow metabolism.


Message History

a goblin skeleton; a jackal skeleton; a wand of flame (0)
The ice beast hits you but does no damage.
The gnoll barely misses you.
You climb downwards.
The hill giant hits you with a giant club!
Ouch! That really hurt!
* * * LOW HITPOINT WARNING * * *
There is a stone staircase leading up here.
Read which item? (? for menu, Esc to quit)
Okay, then.
Drink which item? (? for menu, Esc to quit)
Okay, then.
Casting: Summon Small Mammal
Confirm with . or Enter, or press ? or * to list all spells.
Okay, then.
The ice beast hits you but does no damage.
The ice beast hits you.
* * * LOW HITPOINT WARNING * * *
The ice beast freezes you!
You die...

#.........# #......#
#.........# #......#
#####'##### ##'##### ##..#
#.....# #..## ########.#
####'###### ...........#
#.........# ..............
#......∩..#
###...........####
#........$###I@..........)#
#.........'.C.#...........#
#....!....##########.######
#.........# #. #######+###
########+####


You could see a hill giant and an ice beast.

Vanquished Creatures
  2 phantoms
  A centaur (D:5)
  An ogre (D:5)
  A gnoll sergeant (D:6)
  2 giant frogs
  3 hounds
  3 crimson imps
  A spider (D:5)
  An iguana (D:4)
  4 jellies
  3 gnoll shamans (D:6)
  A quasit (D:8)
  A centaur skeleton (D:5)
  2 giant frog skeletons
  2 worker ants
  2 orc wizards
  Terence (D:3)
  3 adders
  9 gnolls
  3 green rats (D:5)
  A worm zombie (D:5)
  2 giant mites
  An inept feature mimic (D:5)
  5 worms
  2 iguana zombies
  4 giant geckos
  2 oozes
  14 orcs
  3 ball pythons
  15 bats
  A bat skeleton (D:5)
  10 giant cockroaches
  A grey rat (D:5)
  11 hobgoblins
  23 jackals
  12 kobolds
  2 giant gecko skeletons (D:4)
  4 giant newts
  13 goblins
  A hobgoblin skeleton (D:5)
  A hobgoblin zombie (D:6)
  A kobold skeleton (D:7)
  A quokka (D:6)
  12 rats
  A spectral orc (D:2)
  3 butterflies (D:5)
192 creatures vanquished.

Vanquished Creatures (collateral kills)
  A manticore (D:6)
  2 gnoll sergeants (D:6)
  A wight (D:6)
  An orc wizard (D:5)
  An adder (D:4)
  3 gnolls (D:6)
  A giant mite (D:5)
  3 orcs
  A jackal (D:6)
  A kobold (D:6)
  A rat (D:6)
  4 butterflies
20 creatures vanquished.

Vanquished Creatures (others)
  2 hounds (D:6)
  4 grey rats (D:6)
  5 bats (D:6)
  6 quokkas (D:6)
  7 rats (D:6)
24 creatures vanquished.

Grand Total: 236 creatures vanquished

Notes
Turn   | Place    | Note
--------------------------------------------------------------
     0 | D:1      | M4edhros, the Octopode Artificer, began the quest for the Orb.
     0 | D:1      | Reached XP level 1. HP: 13/13 MP: 1/1
   163 | D:2      | Found a basalt altar of Yredelemnul.
   231 | D:2      | Reached skill level 4 in Evocations
   231 | D:2      | Reached XP level 2. HP: 18/18 MP: 3/3
   595 | D:2      | Reached XP level 3. HP: 21/23 MP: 5/5
   673 | D:3      | Reached skill level 5 in Evocations
   915 | D:4      | Reached XP level 4. HP: 18/28 MP: 7/7
   965 | D:4      | Found Odosmau's Magic Scroll Emporium.
   972 | D:4      | Bought a scroll of teleportation for 30 gold pieces
  1030 | D:4      | Reached skill level 6 in Evocations
  1040 | D:4      | Found Miucoadgh's Food Boutique.
  1213 | D:4      | Reached XP level 5. HP: 3/33 MP: 10/10
  1774 | D:4      | Found Ylafibo Rare's Jewellery Shop.
  1787 | D:4      | Found Brohir's Antique Armour Boutique.
  1815 | D:4      | Found Bromioxe's Assorted Antiques.
  1824 | D:4      | Gained mutation: You are agile. (Dex +2) [potion of mutation]
  1824 | D:4      | Gained mutation: You have a slow metabolism. [potion of mutation]
  1858 | D:4      | Reached skill level 7 in Evocations
  2010 | D:5      | Entered Level 5 of the Dungeon
  2064 | D:5      | Noticed an ogre
  2067 | D:5      | Killed an ogre
  2067 | D:5      | Reached skill level 8 in Evocations
  2067 | D:5      | Reached XP level 6. HP: 32/38 MP: 14/14
  2223 | D:5      | Found a bloodstained altar of Trog.
  2224 | D:5      | Noticed an orc warrior
  2367 | D:5      | an orc warrior changed into a spider
  2481 | D:5      | Reached skill level 9 in Evocations
  2481 | D:5      | Reached XP level 7. HP: 36/43 MP: 15/17
  2524 | D:5      | Noticed a centaur
  2530 | D:5      | Killed a centaur
  2835 | D:5      | Found a shimmering altar of Xom.
  2935 | D:5      | Reached skill level 10 in Evocations
  3005 | D:5      | Identified the Disquisition on the Escort
  3047 | D:5      | Reached skill level 1 in Polearms
  3116 | D:5      | Found a glowing drain.
  3118 | D:5      | the glowing drain was a mimic.
  3514 | D:5      | Learned a level 3 spell: Call Canine Familiar
  3548 | D:6      | Found a staircase to the Ecumenical Temple.
  3559 | Temple   | Entered the Ecumenical Temple
  3647 | Temple   | Paralysed by a potion of paralysis for 3 turns
  3655 | Temple   | Gained mutation: Your mind is acute. (Int +2) [potion of mutation]
  3655 | Temple   | Gained mutation: You are partially covered in thin metallic scales (AC +2). [potion of mutation]
  3752 | D:6      | Reached XP level 8. HP: 36/43 MP: 20/20
  3825 | D:6      | Reached skill level 1 in Summonings
  3992 | D:6      | Reached skill level 1 in Spellcasting
  4930 | D:8      | Noticed Kae's ghost (experienced MiFi)
  5219 | D:7      | Noticed a hill giant
  5224 | D:7      | Found Qeabeaf's Antique Weapon Boutique.
  5234 | D:6      | Noticed a manticore
  6172 | D:3      | Noticed Terence
  6182 | D:3      | Killed Terence
  6478 | D:3      | Found a shattered altar of Ashenzari.
  6988 | D:6      | Learned a level 1 spell: Summon Small Mammal
  7530 | D:6      | Killed a manticore
  8014 | D:6      | Reached XP level 9. HP: 42/52 MP: 17/21
  8057 | D:6      | Found a blossoming altar of Fedhas.
  8083 | D:7      | Slain by an ice beast

Action                   |  1- 3 |  4- 6 |  7- 9 || total
-------------------------+-------+-------+-------++-------
Melee: Short sword       |    85 |    66 |    15 ||   166
       Trident           |       |       |   295 ||   295
       Spear             |       |       |    43 ||    43
 Cast: Summon Small Mamm |       |       |    40 ||    40
       Call Canine Famil |       |       |    11 ||    11
Evoke: Wand              |     1 |    19 |    23 ||    43
  Use: Scroll            |     5 |       |    14 ||    19
       Potion            |       |     4 |     6 ||    10
 Stab: Sleeping          |     6 |     1 |    16 ||    23
       Paralysed         |       |       |     1 ||     1
       Distracted        |       |       |     2 ||     2
